 Dungeon Crawl Stone Soup version 0.16.1-14-g82efdee (webtiles) character file.

483 KarvaRausku the Chopper (level 7, 0/52 HPs)
             Began as a Human Fighter on Apr 14, 2015.
             Succumbed to poison (a potion of poison)
             ... on level 3 of the Dungeon.
             The game lasted 00:09:01 (3452 turns).

KarvaRausku the Chopper (Human Fighter)             Turns: 3452, Time: 00:09:01

Health: 0/52       AC:  7    Str: 23    XL:     7   Next: 35%
Magic:  7/7        EV:  7    Int:  9    God:
Gold:   218        SH:  9    Dex: 12    Spells: 0 memorised, 6 levels left

rFire  . . .     SeeInvis .     a - +0 war axe
rCold  + . .     Clarity  .     b - +0 scale mail
rNeg   . . .     SustAb   .     c - +0 shield
rPois  .         Gourm    .     g - +0 helmet (curse)
rElec  .         Spirit   .     (no cloak)
rCorr  .         Warding  .     (no gloves)
rMut   .         Stasis   .     (no boots)
MR     .....                    (no amulet)
Stlth  ..........               r - +5 ring of strength
                                p - ring of protection from cold

@: lethally poisoned (0 -> -13), not resistant to hostile enchantments,
extremely unstealthy
A: no striking features
a: no special abilities


You were on level 3 of the Dungeon.
You were not hungry.

You visited 1 branch of the dungeon, and saw 4 of its levels.

You collected 218 gold pieces.

Inventory:

Hand weapons
 a - a +0 war axe (weapon)
 i - a +4 scythe of flaming
 z - a +0 vampiric spear
Armour
 b - a +0 scale mail (worn)
 c - a +0 shield (worn)
 g - a cursed +0 helmet (worn)
Jewellery
 p - a ring of protection from cold (left hand)
 r - a +5 ring of strength (right hand)
 t - a cursed -5 ring of intelligence {unknown}
 w - an uncursed amulet of guardian spirit {unknown}
 B - a cursed ring of teleportation {unknown}
Magical devices
 l - a wand of flame (8)
Scrolls
 f - a scroll of identify {unknown}
 h - a scroll of recharging {unknown}
 n - a scroll of remove curse {unknown}
 u - a scroll of fear {unknown}
 y - a scroll of enchant weapon {unknown}
 C - a scroll of immolation {unknown}
 D - a scroll of enchant armour {unknown}
Potions
 e - a potion of might
 m - 2 potions of agility
 v - a potion of poison
 x - a potion of cancellation
Comestibles
 d - 2 bread rations
 k - a meat ration
 o - 2 beef jerkies
 q - 8 fruits
 s - a royal jelly
 A - 2 chunks of flesh


   Skills:
 - Level 3.0 Fighting
 + Level 7.5 Axes
 - Level 3.0 Armour
 - Level 3.0 Shields


You had 6 spell levels left.
You didn't know any spells.

Dungeon Overview and Level Annotations

Branches:
Dungeon (4/15)
 Temple: D:4-7

Altars:


Message History

You feel magically purged.
You flicker back into view.
* * * LOW HITPOINT WARNING * * *
You feel sick. You block the adder's attack.
You slash the adder!
You kill the adder!
* * * LOW HITPOINT WARNING * * *
You feel sick.
Drink which item? (? for menu, Esc to quit)
Okay, then.
* * * LOW HITPOINT WARNING * * *
You feel sick.
You see here an adder corpse.
You butcher the adder corpse.
* * * LOW HITPOINT WARNING * * *
You feel sick.
You see here a chunk of flesh.
Eat one of 3 chunks of flesh? (ye/n/q/i?) This raw flesh tastes terrible.
You die...

###.##### #.# #.# #.#
#.#######################.#
#.....................S...#
#############################
..........# #########.#
#.#######################
#.......@................
#########################


There were no monsters in sight!

Vanquished Creatures
  Sigmund (D:2)
  A scorpion (D:4)
  A gnoll shaman (D:4)
  2 hounds (D:3)
  2 worker ants
  Robin (D:2)
  6 adders
  6 gnolls
  4 worms
  An adder skeleton (D:4)
  2 giant geckos
  An ooze (D:1)
  3 orcs (D:3)
  A ball python (D:3)
  4 bats
  4 giant cockroaches
  18 goblins
  10 hobgoblins
  2 giant newts
  8 kobolds
  13 rats
  2 fungi (D:1)
93 creatures vanquished.

Notes
Turn   | Place    | Note
--------------------------------------------------------------
     0 | D:1      | KarvaRausku, the Human Fighter, began the quest for the Orb.
     0 | D:1      | Reached XP level 1. HP: 18/18 MP: 1/1
    69 | D:1      | Reached XP level 2. HP: 21/24 MP: 2/2
   387 | D:1      | Reached XP level 3. HP: 29/29 MP: 3/3
   867 | D:2      | Noticed Robin
  1086 | D:2      | Reached skill level 4 in Axes
  1086 | D:2      | Reached XP level 4. HP: 14/35 MP: 4/4
  1248 | D:2      | Killed Robin
  1393 | D:2      | Noticed Sigmund
  1460 | D:2      | Killed Sigmund
  1460 | D:2      | Reached skill level 5 in Axes
  1460 | D:2      | Reached XP level 5. HP: 36/41 MP: 5/5
  1646 | D:2      | HP: 1/41 [gnoll/spear (4)]
  1972 | D:2      | Reached XP level 6. HP: 41/47 MP: 6/6
  2226 | D:3      | Reached skill level 6 in Axes
  3259 | D:4      | Reached XP level 7. HP: 42/52 MP: 7/7
  3267 | D:4      | Reached skill level 7 in Axes
  3450 | D:3      | HP: 1/52 [poison (a potion of poison)]
  3452 | D:3      | Succumbed to poison (a potion of poison)

Action                   |  1- 3 |  4- 6 |  7- 9 || total
-------------------------+-------+-------+-------++-------
Melee: War axe           |   136 |   153 |    41 ||   330
  Use: Potion            |       |     1 |     3 ||     4
  Eat: Chunk             |     1 |     6 |     1 ||     8
       Fruit             |       |     1 |       ||     1
